Map: Catalyst LE

Players

Luc - Winner!

  • Race: Zerg Zerg
  • League: Platinum
  • Spawn Location: 5:00

Dacat

  • Race: Terran Terran
  • League: Platinum
  • Spawn Location: 11:00

VOD

Have the link to the VOD?

Description

I won this game, but it was close the entire time and as of now I feel like this was my strongest game mechanically. I was also very impressed with the terran the entire time and thought I was losing until the end.

Time

  • Played on: March 21, 2018, 6:19 p.m.
  • Length: 18:32
Show
View Real Time Build Order
Export as new Build Order

Luc Zerg - Winner!

Build Orders: Hatch First 

Get SALT Encoding   

  12  0:02  Drone  
  13  0:14  Overlord  
  13  0:19  Drone  
  14  0:32  Drone x2  
  16  0:37  Drone  
  17  0:55  Hatchery  
  16  0:58  Drone  
  16  1:00  Drone  
  18  1:12  Extractor  
  17  1:18  Spawning Pool  
  17  1:20  Drone  
  17  1:24  Drone  
  18  1:51  Drone  
  19  1:58  Hatchery  
  19  1:59  Drone  
  19  2:00  Overlord  
  19  2:12  Zergling x2  
  19  2:14  Zergling x2  
  21  2:16  Queen  
  23  2:34  Queen  
  23  2:37  Metabolic Boost  
  25  2:48  Drone  
  25  2:49  Drone x3  
  29  2:56  Queen  
  31  3:05  Overlord  
  31  3:16  Queen  
  33  3:22  Queen  
  33  3:24  Drone  
  33  3:25  Drone  
  37  3:38  Spine Crawler  
  36  3:46  Spine Crawler  
  34  3:49  Queen  
  34  3:51  Queen  
  37  4:01  Drone  
  37  4:02  Drone x3  
  41  4:04  Extractor  
  40  4:10  Roach Warren  
  39  4:25  Queen x2  
  43  4:32  Queen  
  45  4:42  Evolution Chamber  
  45  4:43  Evolution Chamber  
  45  4:45  Drone x3  
  46  4:48  Drone  
  46  4:52  Overlord  
  43  5:09  Queen  
  43  5:10  Queen  
  47  5:21  Zerg Missile Weapons Level 1  
  47  5:22  Zerg Ground Armor Level 1  
  47  5:23  Drone x2  
  49  5:28  Extractor  
  49  5:35  Zergling x8  
  52  6:04  Lair  
  52  6:10  Drone x2  
  52  6:11  Drone x7  
  58  6:21  Queen  
  58  6:32  Overlord x2  
  57  6:43  Zergling x2  
  57  6:44  Zergling x6  
  58  6:52  Baneling Nest  
  57  7:04  Queen  
  57  7:08  Hydralisk Den, Glial Reconstitution  
  58  7:09  Extractor  
  58  7:10  Roach x7  
  71  7:17  Drone x2  
  71  7:20  Zergling x2  
  74  7:30  Overlord x4  
  74  7:42  Zerg Missile Weapons Level 2  
  74  7:48  Drone x7  
  81  8:09  Ravager x4  
  81  8:10  Drone x4  
  79  8:29  Zergling x2  
  79  8:30  Zergling x28  
  80  8:47  Queen x2  
  79  8:51  Drone  
  79  8:52  Drone x5  
  73  9:10  Muscular Augments  
  73  9:12  Hatchery  
  64  9:32  Queen  
  64  9:33  Queen  
  64  9:34  Queen  
  70  9:39  Zerg Ground Armor Level 2  
  70  9:40  Hydralisk, Zergling x4  
  70  9:41  Hydralisk x4  
  82  9:48  Drone  
  82  9:49  Drone x3  
  86  9:57  Spore Crawler  
  86  9:59  Spine Crawler  
  84  10:01  Spore Crawler  
  84  10:03  Spore Crawler  
  84  10:05  Drone x4  
  86  10:16  Queen  
  86  10:18  Queen  
  90  10:24  Hydralisk x3  
  96  10:33  Overlord  
  96  10:38  Overseer  
  96  10:50  Hydralisk, Grooved Spines  
  96  10:52  Queen  
  96  10:54  Queen  
  102  11:00  Hatchery  
  101  11:05  Drone x2  
  101  11:06  Drone x6  
  104  11:30  Drone x3  
  107  11:35  Hydralisk x3  
  107  11:36  Hydralisk  
  107  11:38  Roach  
  107  11:39  Roach  
  119  11:46  Drone  
  120  11:48  Extractor  
  120  11:49  Overlord x3  
  120  11:50  Extractor  
  118  12:02  Overlord x3  
  118  12:03  Infestation Pit  
  118  12:05  Pneumatized Carapace  
  117  12:11  Zergling x16  
  117  12:12  Zergling x14  
  132  12:16  Hydralisk  
  134  12:23  Queen  
  134  12:24  Drone x2  
  134  12:25  Drone x4  
  134  12:26  Drone x3  
  127  12:41  Queen  
  119  12:51  Hydralisk, Roach x3  
  121  12:52  Hydralisk, Roach x3  
  120  13:14  Baneling x4  
  120  13:17  Drone x7  
  120  13:18  Drone  
  128  13:30  Hydralisk, Zergling x2  
  128  13:31  Zergling x10  
  136  13:38  Tunneling Claws  
  132  13:42  Hive  
  124  13:53  Hydralisk x10  
  136  13:59  Hydralisk  
  132  14:16  Queen  
  134  14:18  Drone x4  
  134  14:23  Hydralisk x7, Hatchery  
  151  14:37  Hatchery  
  147  14:41  Zergling x14  
  147  14:42  Zergling x20  
  137  14:57  Hydralisk  
  137  14:58  Hydralisk x6  
  133  15:08  Extractor  
  133  15:09  Zerg Missile Weapons Level 3  
  133  15:10  Zerg Ground Armor Level 3, Extractor  
  131  15:14  Lurker Den  
  131  15:15  Extractor  
  131  15:17  Extractor  
  131  15:19  Spine Crawler  
  131  15:21  Spine Crawler  
  126  15:25  Hydralisk  
  126  15:26  Hydralisk x9  
  146  15:35  Overseer  
  146  15:47  Hydralisk x3  
  146  15:48  Roach x3  
  146  15:49  Roach x2  
  162  15:54  Extractor  
  162  15:56  Zergling x6, Extractor  
  163  16:03  Swarm Host x4  
  155  16:06  Queen  
  155  16:07  Queen x2  
  150  16:18  Zergling x2  
  150  16:19  Zergling x26  
  137  17:00  Hydralisk x6  
  137  17:01  Hydralisk x11  
  141  17:17  Zergling x2  
  141  17:18  Zergling x32  
  145  17:33  Ultralisk Cavern  
Show
View Real Time Build Order
Export as new Build Order

Dacat Terran 

Build Orders: Mech 

Get SALT Encoding   

  12  0:01  SCV  
  13  0:13  SCV  
  14  0:19  Supply Depot  
  14  0:29  SCV  
  14  0:35  Refinery  
  15  0:41  SCV  
  16  0:51  Barracks  
  16  0:53  SCV  
  17  1:05  SCV  
  17  1:09  Supply Depot  
  18  1:17  SCV  
  18  1:18  Refinery  
  19  1:37  Orbital Command  
  19  1:39  Reaper  
  20  1:54  Factory  
  20  2:05  SCV  
  21  2:17  SCV  
  21  2:18  Barracks Reactor  
  22  2:29  SCV  
  23  2:33  Command Center  
  23  2:41  SCV  
  23  2:50  Armory  
  23  2:53  SCV  
  24  3:05  SCV  
  25  3:10  Supply Depot  
  25  3:12  Hellion  
  29  3:13  Hellion  
  29  3:20  SCV  
  29  3:23  Supply Depot  
  30  3:34  Hellion x2  
  34  4:00  Hellion  
  34  4:01  Hellion  
  38  4:14  Orbital Command  
  38  4:17  SCV  
  38  4:22  Hellion x2  
  41  4:29  SCV  
  42  4:39  Refinery  
  42  4:41  SCV x2  
  42  4:42  Refinery  
  42  4:43  Cyclone x2  
  50  4:53  SCV x2  
  44  5:15  SCV x2  
  46  5:22  Cyclone x2  
  46  5:27  SCV  
  46  5:28  Factory  
  53  5:29  Factory  
  53  5:30  Terran Vehicle Weapons Level 1  
  53  5:40  SCV  
  53  5:41  SCV  
  55  5:53  Supply Depot, SCV x2  
  55  5:56  Engineering Bay  
  57  6:05  SCV x2  
  59  6:14  Hellbat x2  
  59  6:15  Starport  
  59  6:16  Supply Depot  
  59  6:17  SCV  
  52  6:40  Supply Depot  
  52  6:43  Factory Tech Lab, Factory Reactor  
  50  6:55  SCV x2  
  52  7:03  Supply Depot  
  52  7:07  Cyclone, SCV  
  52  7:08  Cyclone x2, SCV  
  63  7:12  Command Center  
  63  7:14  Starport Tech Lab  
  63  7:19  SCV  
  63  7:20  SCV  
  65  7:24  Hellbat  
  65  7:25  Supply Depot  
  65  7:26  Hellbat  
  69  7:31  SCV  
  69  7:32  SCV  
  69  7:35  Banshee  
  69  7:36  Cloaking Field  
  74  7:40  Hellbat  
  74  7:44  SCV x2  
  78  7:48  Infernal Pre-Igniter  
  80  7:51  Hellbat  
  80  7:52  Hellbat  
  80  7:55  Hellbat  
  80  7:56  SCV  
  81  8:33  Hellbat  
  81  8:34  Hellbat x4  
  71  8:53  Banshee  
  71  8:55  Hellbat x2, Hyperflight Rotors  
  72  8:58  Hellbat x2  
  72  8:59  Thor  
  82  9:07  Orbital Command  
  74  9:22  Hellbat x4  
  80  9:31  SCV x2  
  82  9:36  Banshee  
  85  9:42  Thor  
  85  9:43  Hellbat, SCV  
  85  9:44  Refinery  
  94  9:45  Refinery  
  94  9:52  SCV x2  
  96  9:56  Factory  
  96  10:03  SCV  
  96  10:04  SCV x2  
  99  10:15  SCV  
  99  10:19  Banshee  
  103  10:30  Command Center  
  103  10:32  Thor  
  103  10:34  Hellbat  
  111  10:36  Smart Servos  
  111  10:42  Factory  
  111  10:46  SCV x3  
  114  10:56  Supply Depot  
  114  10:57  Supply Depot  
  114  10:58  SCV x2  
  116  11:07  Factory Tech Lab  
  116  11:17  Thor  
  116  11:18  Supply Depot  
  119  11:20  Supply Depot  
  116  11:27  Factory Tech Lab  
  113  11:58  Orbital Command  
  113  11:59  SCV  
  113  12:00  SCV x2  
  116  12:06  Neosteel Frame  
  116  12:12  SCV x3  
  119  12:17  Factory x2  
  119  12:18  Refinery  
  119  12:19  Refinery  
  119  12:24  SCV x3  
  120  12:35  Thor x3  
  120  12:36  Hellbat x3  
  120  12:37  Hellbat  
  102  12:58  Hellbat x3  
  90  13:09  Terran Vehicle Weapons Level 2  
  86  13:13  Armory  
  86  13:17  Thor  
  89  13:22  Factory Tech Lab  
  89  13:25  Factory Reactor  
  89  13:35  SCV x4  
  73  13:47  Thor x3, SCV x2  
  85  13:49  Hellbat x4  
  91  14:00  Thor  
  97  14:04  Hellbat x2  
  97  14:09  SCV x3  
  105  14:10  Hellbat x3, SCV  
  105  14:16  Hellbat  
  113  14:21  SCV x2  
  113  14:22  SCV  
  117  14:26  Hellbat  
  117  14:30  Thor x3  
  117  14:43  Siege Tank  
  118  14:48  Orbital Command  
  114  15:07  SCV  
  114  15:08  SCV x2  
  114  15:11  Hellbat x3  
  114  15:12  Hellbat x2  
  114  15:13  Siege Tank x3  
  136  15:15  Siege Tank  
  136  15:19  SCV  
  136  15:20  SCV  
  141  15:30  Refinery  
  141  15:31  Terran Vehicle And Ship Armor Level 1  
  141  15:45  Siege Tank, Thor x2  
  141  15:47  Thor  
  141  15:49  SCV x2  
  165  15:50  SCV x2  
  166  16:01  SCV  
  166  16:02  SCV  
  158  16:07  Command Center  
  120  16:17  Siege Tank  
  111  16:31  Siege Tank x3  
  111  16:33  Hellbat x3  
  78  16:49  Thor  
  84  17:01  Command Center  
  84  17:03  Thor  
  71  17:30  Thor x2  
  71  17:32  Siege Tank  
  84  17:43  Planetary Fortress  
  84  17:46  Siege Tank  
  87  17:53  Hellbat x2  
  87  17:54  Hellbat  
Tags
 
Composition
Mech
Matchup
TvZ
Spawn Locations
Cross Positions
Add a new tag
Caveats
  • Supply blocks, unpowered buildings, or Contaminate may cause inaccurate times.
  • Supply counts are checked every 10 seconds.